[Event "Titled Tuesday Blitz June 13 Early 2023"]
[White "Chernomordik, Pavel"]
[Black "Samaganova, Aleksandra"]
[WhiteFideId "2804530"]
[BlackFideId "13800221"]
[WhiteElo "2193"]
[BlackElo "1858"]
[Result "1-0"]
[Round "5"]
[TimeControl "180+2"]
[Date "2023.06.13"]
[WhiteClock "0:01:37"]
[BlackClock "0:00:01"]
[Board "163"]

1. e4 c5 2. Nc3 e6 3. f4 a6 4. g3 b5 5. Bg2 Bb7 6. Qe2 Qc7 7. d3 Nf6 8. e5 Nd5 9. Ne4 Be7 10. Nf3 O-O 11. O-O d6 12. c4 Nb6 13. exd6 Bxd6 14. b3 N8d7 15. Bb2 Rad8 16. Rae1 Nc8 17. Nfg5 h6 18. Nh3 Ne7 19. g4 Bxe4 20. Bxe4 e5 21. g5 f5 22. Bg2 Ng6 23. Bd5+ Kh7 24. Qh5 Nxf4 25. Nxf4 exf4 26. g6+ Kh8 27. Qxh6# 1-0


[Site "https://www.chess.com"]

[Event "Titled Tuesday Blitz June 13 Early 2023"]
[White "Musovic, Armin"]
[Black "Antonio, Jorge Carlos"]
[WhiteFideId "939935"]
[BlackFideId "113190"]
[WhiteElo "2322"]
[BlackElo "2247"]
[Result "1-0"]
[Round "5"]
[TimeControl "180+2"]
[Date "2023.06.13"]
[WhiteClock "0:01:54"]
[BlackClock "0:00:37"]
[Board "164"]

1. a3 d5 2. d4 Nf6 3. Nf3 Bf5 4. c4 e6 5. Nc3 c6 6. g3 Nbd7 7. Bg2 Be7 8. O-O Ne4 9. Nd2 Nxc3 10. bxc3 O-O 11. cxd5 cxd5 12. e4 dxe4 13. Nxe4 Rc8 14. Bd2 b6 15. a4 Nf6 16. Nxf6+ Bxf6 17. a5 b5 18. Re1 a6 19. Bb7 Bh3 20. Qf3 Rc4 21. g4 Qc7 22. Bxa6 Qc6 23. Qxc6 Rxc6 24. Bxb5 Rcc8 25. f3 h5 26. Bf1 hxg4 27. Bxh3 gxh3 28. a6 Ra8 29. Ra4 Rfc8 30. Rb1 Rc6 31. a7 Rcc8 32. Bf4 Kf8 33. Rb8 Ke8 34. Rxc8+ Rxc8 35. a8=Q 1-0


[Site "https://www.chess.com"]

[Event "Titled Tuesday Blitz June 13 Early 2023"]
[White "Chakravarthi Reddy, M"]
[Black "Bilan, Danila"]
[WhiteFideId "25009532"]
[BlackFideId "24161918"]
[WhiteElo "2201"]
[BlackElo "2146"]
[Result "0-1"]
[Round "5"]
[TimeControl "180+2"]
[Date "2023.06.13"]
[WhiteClock "0:00:00"]
[BlackClock "0:00:25"]
[Board "165"]

1. e4 c6 2. d4 d5 3. e5 c5 4. Nf3 Bg4 5. Bb5+ Nc6 6. dxc5 e6 7. b4 Qc7 8. Bxc6+ bxc6 9. Bf4 a5 10. c3 Ne7 11. h3 Bxf3 12. Qxf3 Ng6 13. Qg3 Nxf4 14. Qxf4 f6 15. O-O Qxe5 16. Qc1 Kf7 17. Nd2 axb4 18. cxb4 Qf5 19. Nb3 e5 20. a4 Rb8 21. Na5 Rxb4 22. Nxc6 Rc4 23. Qd1 Rxc5 24. Nb4 d4 25. a5 Bd6 26. a6 Ra8 27. Nd3 Rc3 28. Nb2 Qc2 29. Na4 Qxd1 30. Rfxd1 Ra3 31. Rxa3 Bxa3 32. Ra1 Rxa6 33. Rxa3 d3 34. Kf1 e4 35. Ke1 f5 36. Kd2 g6 37. h4 Kf6 38. g3 Ke5 39. Ra2 Kd4 40. Nc3 Rb6 41. Ra4+ Kc5 42. Ra2 h6 43. Na4+ Kb5 44. Nxb6 Kxb6 45. Rb2+ Kc5 46. Rb8 g5 47. Rh8 f4 48. Rxh6 Kd4 49. Rd6+ Ke5 50. Rd8 e3+ 51. fxe3 fxg3 52. Rg8 gxh4 0-1


[Site "https://www.chess.com"]

[Event "Titled Tuesday Blitz June 13 Early 2023"]
[White "agvania123"]
[Black "Mrithyunjay Mahadevan"]
[BlackFideId "45003521"]
[WhiteElo "2257"]
[BlackElo "1626"]
[Result "0-1"]
[Round "5"]
[TimeControl "180+2"]
[Date "2023.06.13"]
[WhiteClock "0:00:15"]
[BlackClock "0:01:12"]
[Board "166"]

1. c4 g6 2. Nc3 Bg7 3. e4 e5 4. d3 Ne7 5. g3 O-O 6. Bg2 Nbc6 7. Nge2 f5 8. O-O f4 9. gxf4 exf4 10. Bxf4 d6 11. Bg3 Bg4 12. Qd2 Ne5 13. f4 N5c6 14. h3 Be6 15. Nd5 Nd4 16. Nxd4 Bxd4+ 17. Bf2 Bg7 18. Bh4 Bxd5 19. exd5 Qd7 20. Bxe7 Qxe7 21. Rae1 Qf6 22. b3 Qd4+ 23. Kh1 Rf7 24. f5 gxf5 25. Re6 Raf8 26. Rf4 Qa1+ 27. Rf1 Qd4 28. Rf4 Qc5 29. d4 Qa3 30. h4 Rf6 31. h5 Bh6 32. Rxf6 Rxf6 33. Qe3 Bxf4 34. Qxf4 h6 35. Be4 Qxa2 36. Qg3+ Kf8 37. Bd3 Qxb3 38. c5 Qd1+ 39. Kh2 Qxh5+ 40. Kg2 Rg6 0-1


[Site "https://www.chess.com"]

[Event "Titled Tuesday Blitz June 13 Early 2023"]
[White "Estrada Nieto, Julian"]
[Black "Clawitter, Craig"]
[WhiteFideId "5101018"]
[BlackFideId "2023105"]
[WhiteElo "2161"]
[BlackElo "2247"]
[Result "1-0"]
[Round "5"]
[TimeControl "180+2"]
[Date "2023.06.13"]
[WhiteClock "0:01:15"]
[BlackClock "0:00:20"]
[Board "167"]

1. e4 e6 2. d4 d5 3. Nd2 Be7 4. Bd3 c5 5. dxc5 Nf6 6. Qe2 O-O 7. Ngf3 a5 8. O-O Na6 9. exd5 exd5 10. Nb3 a4 11. Nbd4 Nxc5 12. Be3 Re8 13. Bb5 Bd7 14. a3 Bd6 15. Bxd7 Qxd7 16. Qb5 Qc7 17. Rfe1 Ng4 18. Bf4 Rxe1+ 19. Rxe1 h6 20. Re8+ Rxe8 21. Qxe8+ Kh7 22. Nb5 Qe7 23. Nxd6 1-0


[Site "https://www.chess.com"]

[Event "Titled Tuesday Blitz June 13 Early 2023"]
[White "Matyukov, Petr"]
[Black "EdmundPlayer"]
[WhiteFideId "4103688"]
[WhiteElo "2278"]
[BlackElo "2238"]
[Result "0-1"]
[Round "5"]
[TimeControl "180+2"]
[Date "2023.06.13"]
[WhiteClock "0:00:01"]
[BlackClock "0:00:08"]
[Board "168"]

1. d4 Nf6 2. c4 g6 3. h4 d5 4. cxd5 Nxd5 5. e4 Nb6 6. h5 N8d7 7. h6 e5 8. d5 Bb4+ 9. Bd2 Bxd2+ 10. Nxd2 c6 11. dxc6 bxc6 12. Ngf3 O-O 13. Qc2 Bb7 14. Be2 Re8 15. a4 a5 16. Rd1 Qe7 17. O-O Nc5 18. Nc4 Nxc4 19. Bxc4 Rad8 20. Rfe1 Kh8 21. Qc3 f6 22. Qxa5 Rxd1 23. Rxd1 Nxe4 24. Qb6 Ba8 25. Qe3 Nd6 26. Bb3 Nf5 27. Qd2 Qf8 28. a5 Nxh6 29. a6 Nf5 30. Qd7 Qe7 31. Qxe7 Nxe7 32. a7 Nd5 33. Ba4 Re7 34. Rc1 Rxa7 35. Bxc6 Rc7 36. Bxa8 Rxc1+ 37. Kh2 Rc2 38. Bxd5 Rxb2 39. Kg3 Kg7 40. Nh4 f5 41. Nf3 Kf6 42. Ne1 Rd2 43. f3 Rxd5 0-1


[Site "https://www.chess.com"]

[Event "Titled Tuesday Blitz June 13 Early 2023"]
[White "Ansh M Shah"]
[Black "rionelG"]
[WhiteFideId "25033379"]
[WhiteElo "2084"]
[BlackElo "2231"]
[Result "1-0"]
[Round "5"]
[TimeControl "180+2"]
[Date "2023.06.13"]
[WhiteClock "0:02:11"]
[BlackClock "0:00:35"]
[Board "169"]

1. d4 Nf6 2. c4 g6 3. h4 Bg7 4. Nc3 d6 5. e4 c5 6. d5 e6 7. Be2 exd5 8. exd5 h5 9. Nf3 Nbd7 10. Bf4 Qb6 11. Qd2 O-O 12. O-O Ng4 13. Rae1 Nde5 14. Nxe5 Nxe5 15. Ne4 Bf5 16. Ng3 Bd7 17. b3 Rfe8 18. Bg5 Ng4 19. Bxg4 Bxg4 20. Ne4 Kh8 21. Bf6 Bxf6 22. Qh6+ Kg8 23. Nxf6# 1-0


[Site "https://www.chess.com"]

[Event "Titled Tuesday Blitz June 13 Early 2023"]
[White "Acikel, Mert"]
[Black "Chandreyee, Hajra"]
[WhiteFideId "12956465"]
[BlackFideId "5056535"]
[WhiteElo "2097"]
[BlackElo "1725"]
[Result "1-0"]
[Round "5"]
[TimeControl "180+2"]
[Date "2023.06.13"]
[WhiteClock "0:01:18"]
[BlackClock "0:00:27"]
[Board "170"]

1. e4 e6 2. d4 d5 3. Nd2 c5 4. Ngf3 cxd4 5. Nxd4 Nf6 6. Bb5+ Bd7 7. Bxd7+ Nbxd7 8. exd5 Nxd5 9. N2f3 a6 10. O-O N7f6 11. c3 Bd6 12. Re1 O-O 13. Qe2 Qc7 14. h3 Rae8 15. Ne5 Nd7 16. Nxd7 Qxd7 17. Qd3 Bb8 18. Bd2 Rc8 19. Rad1 Qc7 20. g3 h5 21. h4 Nf6 22. Bf4 Qc4 23. Bxb8 Qxd3 24. Rxd3 Rxb8 25. Nf3 Rfd8 26. Red1 Rxd3 27. Rxd3 Kf8 28. Ne5 Ke7 29. f3 b5 30. Nc6+ 1-0


[Site "https://www.chess.com"]

[Event "Titled Tuesday Blitz June 13 Early 2023"]
[White "Xavier_mompel"]
[Black "LeoLV10"]
[WhiteElo "2201"]
[BlackElo "2419"]
[Result "0-1"]
[Round "5"]
[TimeControl "180+2"]
[Date "2023.06.13"]
[WhiteClock "0:00:00"]
[BlackClock "0:00:03"]
[Board "171"]

1. e4 c6 2. Nf3 d5 3. Nc3 Bg4 4. h3 Bxf3 5. Qxf3 e6 6. Be2 Nd7 7. O-O Ngf6 8. d4 dxe4 9. Nxe4 Nxe4 10. Qxe4 Nf6 11. Qd3 Be7 12. c3 O-O 13. b3 Qc7 14. Bb2 Rad8 15. Rad1 a6 16. Qf3 a5 17. c4 h6 18. Rfe1 Ra8 19. Rc1 Rfd8 20. Red1 Qb6 21. a3 Rac8 22. g3 Qc7 23. Kg2 Qd7 24. Kh2 Nh7 25. h4 Bd6 26. Kg2 Qe7 27. Ra1 Nf8 28. Bd3 Nd7 29. Re1 Nf8 30. d5 cxd5 31. cxd5 Bb8 32. dxe6 Nxe6 33. Bc4 Qd6 34. Bxe6 fxe6 35. Qg4 e5 36. Kh2 Qf6 37. Kg2 Rc2 38. Rf1 Rxb2 0-1


[Site "https://www.chess.com"]

[Event "Titled Tuesday Blitz June 13 Early 2023"]
[White "le-castor-faineant"]
[Black "Matveeva, Olga"]
[BlackFideId "24107018"]
[WhiteElo "2195"]
[BlackElo "2009"]
[Result "0-1"]
[Round "5"]
[TimeControl "180+2"]
[Date "2023.06.13"]
[WhiteClock "0:01:40"]
[BlackClock "0:01:10"]
[Board "172"]

1. e4 e6 2. Nf3 d5 3. e5 c5 4. b4 d4 5. bxc5 Bxc5 6. Bd3 Nc6 7. O-O Nge7 8. c3 Ng6 9. cxd4 Nxd4 10. Bb2 O-O 11. Bxg6 fxg6 12. Nxd4 Bxd4 13. Bxd4 Qxd4 14. Nc3 Qxe5 15. d4 Qf5 16. Qb3 Rb8 17. Rae1 Bd7 18. Re5 Qf4 19. Ne4 Kh8 20. Nc5 Rbc8 21. Nxd7 Qxf2+ 22. Rxf2 Rc1+ 0-1


[Site "https://www.chess.com"]

[Event "Titled Tuesday Blitz June 13 Early 2023"]
[White "Gomez Barrera, Javiera Belen"]
[Black "Fabris, Alberto"]
[WhiteFideId "3418723"]
[BlackFideId "801348"]
[WhiteElo "2119"]
[BlackElo "2178"]
[Result "1-0"]
[Round "5"]
[TimeControl "180+2"]
[Date "2023.06.13"]
[WhiteClock "0:01:03"]
[BlackClock "0:00:06"]
[Board "173"]

1. e4 c5 2. Nf3 d6 3. Nc3 Nf6 4. d4 cxd4 5. Nxd4 a6 6. Be3 e5 7. Nb3 Be7 8. f3 O-O 9. Qd2 Nbd7 10. g4 Nc5 11. g5 Nfd7 12. Nd5 Nxb3 13. axb3 Nc5 14. Nxe7+ Qxe7 15. O-O-O Ne6 16. Qxd6 Qxd6 17. Rxd6 Rd8 18. Rxd8+ Nxd8 19. Bc4 Be6 20. Rd1 Bxc4 21. bxc4 Ne6 22. Rd7 b5 23. c5 Rc8 24. b4 Kf8 25. Ra7 Rc6 26. Kb2 Ke8 27. Kb3 Nc7 28. c4 Kd8 29. cxb5 axb5 30. Ra1 h6 31. h4 hxg5 32. hxg5 Kc8 33. Rh1 Rg6 34. Rh8+ Kb7 35. Rf8 f6 36. Kc3 Kc6 37. Kd3 Ne6 38. Rb8 Nxg5 39. Rb6+ Kc7 40. Bxg5 Rxg5 41. Rxb5 Rg3 42. Ke3 g6 43. Rb6 f5 44. exf5 gxf5 45. Rf6 Rg5 46. b5 f4+ 47. Ke4 Rh5 48. Rf7+ Kb8 49. b6 Rh6 50. Kxe5 1-0


[Site "https://www.chess.com"]

[Event "Titled Tuesday Blitz June 13 Early 2023"]
[White "Topalov, Aleksandar"]
[Black "Kiseljova, Marya"]
[WhiteFideId "925659"]
[BlackFideId "4155009"]
[WhiteElo "2151"]
[BlackElo "1831"]
[Result "1-0"]
[Round "5"]
[TimeControl "180+2"]
[Date "2023.06.13"]
[WhiteClock "0:00:05"]
[BlackClock "0:00:07"]
[Board "174"]

1. b3 d5 2. Bb2 Nf6 3. Nf3 Bf5 4. g3 e6 5. Bg2 Be7 6. O-O O-O 7. d3 h6 8. Nbd2 Nbd7 9. e3 c6 10. Qe2 Bh7 11. e4 Qc7 12. a3 dxe4 13. dxe4 Bc5 14. e5 Nd5 15. c4 Ne7 16. b4 Bb6 17. c5 Nxc5 18. bxc5 Bxc5 19. Ne4 Bb6 20. Nfd2 Rad8 21. Nc4 Bd4 22. Ncd6 Bxb2 23. Qxb2 b5 24. Rfc1 Nd5 25. Nc5 Qb6 26. Be4 Bxe4 27. Ncxe4 a5 28. Rc2 Rd7 29. Rac1 Rc7 30. Rc5 Rb8 31. Qc2 Ne7 32. Nxb5 Ng6 33. Nxc7 Qxc7 34. f4 Ne7 35. Nd6 Qa7 36. Kh1 a4 37. Qc3 Rb3 38. Qa5 Qb8 39. Qxa4 Rb2 40. Qd1 Qa8 41. R5c2 Rb3 42. Rc3 Rb2 43. R3c2 Rb3 44. Qf1 Qxa3 45. Qh3 Nd5 46. Qh5 g6 47. Qxh6 Ne7 48. Qh3 Kg7 49. Qg2 c5 50. g4 c4 51. f5 exf5 52. gxf5 Re3 53. f6+ Kf8 54. fxe7+ Kxe7 55. Nxc4 Qd3 56. Nxe3 Qxe3 57. Rc7+ Ke6 58. R1c6+ Kf5 59. Qf1+ Ke4 60. Rc4+ Kd5 61. R7c5+ Ke6 62. Qf6+ Kd7 63. Rc7+ Ke8 64. Rc8+ Kd7 65. Rd8# 1-0


[Site "https://www.chess.com"]

[Event "Titled Tuesday Blitz June 13 Early 2023"]
[White "Sailer, Mike"]
[Black "Miller, Luke C"]
[WhiteFideId "2012901"]
[BlackFideId "2096935"]
[WhiteElo "2109"]
[BlackElo "1836"]
[Result "0-1"]
[Round "5"]
[TimeControl "180+2"]
[Date "2023.06.13"]
[WhiteClock "0:00:07"]
[BlackClock "0:00:06"]
[Board "175"]

1. d4 Nf6 2. Bg5 d5 3. Bxf6 exf6 4. e3 f5 5. c4 dxc4 6. Bxc4 Bd6 7. Nc3 O-O 8. Nge2 a6 9. a3 b5 10. Ba2 Bb7 11. O-O Nd7 12. Rc1 Nf6 13. Nf4 g5 14. Nh5 g4 15. Nxf6+ Qxf6 16. e4 fxe4 17. Qxg4+ Kh8 18. Nxe4 Bxe4 19. Qxe4 Rae8 20. Qd3 Qh6 21. g3 f5 22. Rce1 f4 23. Qd2 Qh5 24. Rxe8 Rxe8 25. Re1 Rf8 26. Bd5 Qxd5 27. Qe2 Qg5 28. Qe6 fxg3 29. hxg3 Bxg3 30. fxg3 Qxg3+ 31. Kh1 Qf3+ 32. Kh2 Qh5+ 33. Kg2 Qf3+ 34. Kh2 Qf2+ 35. Kh1 Qh4+ 36. Kg1 Rg8+ 37. Kf1 Qf4+ 38. Ke2 Rg2+ 39. Kd3 Rd2+ 40. Kc3 Qxd4+ 41. Kb3 Rxb2# 0-1


[Site "https://www.chess.com"]

[Event "Titled Tuesday Blitz June 13 Early 2023"]
[White "Mazurkiewicz, Michal"]
[Black "Samarth J Rao"]
[WhiteFideId "1124943"]
[BlackFideId "46652370"]
[WhiteElo "2063"]
[BlackElo "1564"]
[Result "1-0"]
[Round "5"]
[TimeControl "180+2"]
[Date "2023.06.13"]
[WhiteClock "0:00:23"]
[BlackClock "0:00:19"]
[Board "176"]

1. e4 c5 2. Nf3 e6 3. d3 d5 4. Nbd2 dxe4 5. dxe4 Nf6 6. g3 Be7 7. Bg2 O-O 8. O-O Nc6 9. e5 Nd7 10. Re1 Qc7 11. Qe2 b6 12. c3 Bb7 13. Nc4 b5 14. Nd6 Bxd6 15. exd6 Qxd6 16. Qxb5 Nb6 17. Bf4 Qe7 18. a4 Nd5 19. Bd2 a6 20. Qe2 Rfd8 21. Rad1 h6 22. Ne5 Rac8 23. Nxc6 Bxc6 24. Qxa6 Qe8 25. Bc1 Ra8 26. Qc4 Rxa4 27. Qxc5 Ra6 28. Bxd5 Bxd5 29. Rxd5 Rc8 30. Qb5 Rac6 31. Rdd1 Qe7 32. Be3 Qf6 33. Bd4 Qf3 34. Qe5 f6 35. Qe4 Qxe4 36. Rxe4 e5 37. Be3 Rb8 38. Rb4 Rbc8 39. Rd7 f5 40. Rbb7 Rg6 41. Kf1 f4 42. gxf4 exf4 43. Bd4 Ra8 44. Rxg7+ Rxg7 45. Rxg7+ Kf8 46. Rh7 Ra1+ 47. Kg2 Rb1 48. b4 Rd1 49. Rxh6 Rd3 50. Rf6+ Ke7 51. Rxf4 Ke6 52. b5 Kd6 53. b6 Rd1 54. b7 Rb1 55. Rf7 Kc6 56. Be5 Rxb7 57. Rxb7 Kxb7 58. h4 Kc6 59. h5 Kd7 60. h6 Ke6 61. h7 Kxe5 62. h8=R Kf4 63. Re8 Kf5 64. c4 Kf6 65. c5 Kf7 66. Re3 Kf6 67. c6 Kf5 68. c7 Kg4 69. c8=R Kf4 70. Rf8+ Kg5 71. Rg3+ Kh6 72. Rh8# 1-0


[Site "https://www.chess.com"]

[Event "Titled Tuesday Blitz June 13 Early 2023"]
[White "Gulkov, Igor A."]
[Black "Philippe, Guillaume"]
[WhiteFideId "4120973"]
[BlackFideId "36048763"]
[WhiteElo "2343"]
[BlackElo "2387"]
[Result "1-0"]
[Round "5"]
[TimeControl "180+2"]
[Date "2023.06.13"]
[WhiteClock "0:01:06"]
[BlackClock "0:00:21"]
[Board "177"]

1. Nf3 Nf6 2. c4 g6 3. Nc3 Bg7 4. e4 d6 5. d4 O-O 6. Be2 c5 7. O-O cxd4 8. Nxd4 Nc6 9. Be3 Bd7 10. Qd2 Nxd4 11. Bxd4 Bc6 12. f3 a5 13. b3 Nd7 14. Be3 Nc5 15. Rac1 Qc7 16. Nb5 Bxb5 17. cxb5 Qb6 18. Bc4 Rac8 19. Rfd1 Bh6 20. Bxh6 Nxb3+ 21. Qe3 Qxe3+ 22. Bxe3 Nxc1 23. Rxc1 e6 24. Bb3 Kg7 25. Kf2 Kf6 26. Bd4+ Ke7 27. Rd1 f5 28. Ke2 fxe4 29. fxe4 Rf4 30. Kd3 Rcf8 31. Be3 Rg4 32. g3 h5 33. Rc1 d5 34. Bc5+ Ke8 35. Bxf8 dxe4+ 36. Ke3 Kxf8 37. Rf1+ Ke7 38. Rf4 Rg5 39. Rxe4 Rxb5 40. Rxe6+ Kf7 41. Rb6+ Rxb3+ 42. Rxb3 1-0


[Site "https://www.chess.com"]

[Event "Titled Tuesday Blitz June 13 Early 2023"]
[White "Ramirez Vido, Robert Yorisan"]
[Black "Blackwhite017"]
[WhiteFideId "3513823"]
[WhiteElo "2391"]
[BlackElo "2124"]
[Result "0-1"]
[Round "5"]
[TimeControl "180+2"]
[Date "2023.06.13"]
[WhiteClock "0:00:00"]
[BlackClock "0:00:04"]
[Board "179"]

1. f4 d5 2. Nf3 Nf6 3. g3 c6 4. Bg2 g6 5. d3 Bg7 6. O-O O-O 7. Qe1 Bg4 8. Ne5 Nbd7 9. Nxg4 Nxg4 10. h3 Qb6+ 11. e3 Bxb2 12. Bxb2 Qxb2 13. Nd2 Ngf6 14. c4 e6 15. Qe2 b6 16. a4 Qb4 17. a5 Qd6 18. g4 Nc5 19. g5 Nfd7 20. d4 Nb7 21. a6 Nd8 22. Nf3 Rc8 23. Nh2 f5 24. h4 Nf7 25. h5 Rfd8 26. Nf3 Kf8 27. Nh4 Kg7 28. Kf2 c5 29. Rh1 cxd4 30. hxg6 hxg6 31. Nxg6 Kxg6 32. Qh5+ Kg7 33. g6 Rh8 34. Qf3 Nh6 35. Rh5 Ng4+ 36. Kg3 Rxh5 37. Bh3 Rch8 38. Bg2 Rh2 39. Rc1 dxe3 40. cxd5 exd5 0-1


[Site "https://www.chess.com"]

[Event "Titled Tuesday Blitz June 13 Early 2023"]
[White "Herzog2012"]
[Black "Lisjak, Zlatko"]
[BlackFideId "14502186"]
[WhiteElo "2390"]
[BlackElo "1998"]
[Result "1-0"]
[Round "5"]
[TimeControl "180+2"]
[Date "2023.06.13"]
[WhiteClock "0:00:43"]
[BlackClock "0:00:00"]
[Board "180"]

1. e4 d6 2. d4 Nf6 3. Nc3 c6 4. a4 a5 5. f4 Na6 6. Nf3 Bg4 7. Be2 e6 8. h3 Bxf3 9. Bxf3 d5 10. e5 Nd7 11. Ne2 c5 12. Be3 Rc8 13. c3 Be7 14. O-O g6 15. g4 Nb6 16. b3 cxd4 17. cxd4 Nb4 18. Rc1 O-O 19. f5 exf5 20. gxf5 gxf5 21. Bh6 Bg5 22. Rxc8 Nxc8 23. Bxf8 Qxf8 24. Ng3 Ne7 25. Qe2 Qh6 26. Qg2 Kh8 27. Kh1 Nd3 28. Nh5 Be3 29. Qg3 Ng6 30. Be2 1-0


[Site "https://www.chess.com"]

[Event "Titled Tuesday Blitz June 13 Early 2023"]
[White "Levitan, Ronit"]
[Black "Tinmaz, Kerem"]
[WhiteFideId "2815109"]
[BlackFideId "44559151"]
[WhiteElo "1930"]
[BlackElo "2153"]
[Result "1/2-1/2"]
[Round "5"]
[TimeControl "180+2"]
[Date "2023.06.13"]
[WhiteClock "0:00:10"]
[BlackClock "0:00:06"]
[Board "181"]

1. e4 c5 2. c3 d5 3. exd5 Qxd5 4. d4 Nf6 5. Nf3 Nc6 6. Be2 Bg4 7. c4 Qd8 8. d5 Bxf3 9. Bxf3 Nd4 10. Nc3 g6 11. Bf4 Bg7 12. h4 h5 13. Be3 Nd7 14. Bxd4 Bxd4 15. d6 exd6 16. O-O O-O 17. Nb5 Bxb2 18. Nxd6 Bxa1 19. Qxa1 Qf6 20. Qd1 Ne5 21. Ne4 Nxf3+ 22. gxf3 Qxh4 23. Qd6 b6 24. Qe5 f6 25. Qd5+ Kg7 26. Qb7+ Kh6 27. Kg2 Rae8 28. Rh1 Qf4 29. Ng3 f5 30. Qc6 Qg5 31. Qd6 f4 32. Rxh5+ Qxh5 33. Nxh5 Kxh5 34. Qd5+ Rf5 35. Qd7 Rg5+ 36. Kf1 Rge5 37. Qh7+ Kg5 38. Qd7 Kf6 39. Qxa7 R8e6 40. Qc7 g5 41. Qd8+ Kg6 42. Qg8+ Kf5 43. Qf8+ Rf6 44. Qc8+ Kg6 45. Qg8+ Kf5 46. Qh7+ Ke6 47. Qg8+ Kf5 48. Qh7+ Ke6 49. Qg8+ Kf5 1/2-1/2


[Site "https://www.chess.com"]

[Event "Titled Tuesday Blitz June 13 Early 2023"]
[White "Graham, Nathaniel"]
[Black "Tarasova, Viktoriya"]
[WhiteFideId "2007983"]
[BlackFideId "4175840"]
[WhiteElo "2078"]
[BlackElo "2182"]
[Result "0-1"]
[Round "5"]
[TimeControl "180+2"]
[Date "2023.06.13"]
[WhiteClock "0:00:00"]
[BlackClock "0:00:21"]
[Board "182"]

1. e4 e5 2. Nf3 Nc6 3. Nc3 Nf6 4. Bb5 Nd4 5. Nxd4 exd4 6. e5 dxc3 7. exf6 cxd2+ 8. Bxd2 Qxf6 9. O-O Be7 10. Bc3 Qg5 11. Re1 O-O 12. Re5 f5 13. f4 Qf6 14. Qd5+ Kh8 15. Rae1 c6 16. Qd4 Bd8 17. Re8 Bb6 18. Rxf8+ Qxf8 0-1


[Site "https://www.chess.com"]

[Event "Titled Tuesday Blitz June 13 Early 2023"]
[White "Xie, Bryan"]
[Black "Kriti Mayur Patel"]
[WhiteFideId "30941296"]
[BlackFideId "35061780"]
[WhiteElo "2033"]
[BlackElo "1306"]
[Result "1-0"]
[Round "5"]
[TimeControl "180+2"]
[Date "2023.06.13"]
[WhiteClock "0:01:24"]
[BlackClock "0:00:25"]
[Board "183"]

1. e4 e5 2. Nf3 Nc6 3. Bc4 Nf6 4. d3 Bc5 5. O-O d6 6. c3 O-O 7. a4 a6 8. Bg5 Bg4 9. Nbd2 h6 10. Bh4 Ba7 11. Ba2 Qe7 12. b4 Nd8 13. Re1 Ne6 14. Nf1 Nf4 15. Ne3 g5 16. Nxg4 Nxg4 17. Nxg5 Nxf2 18. Bxf2 Qxg5 19. Qf3 Bxf2+ 20. Kxf2 Qh4+ 21. Kg1 Kh7 22. g3 Qh3 23. Rf1 Ng6 24. Bxf7 Nh4 25. gxh4 Rg8+ 26. Kh1 Qxh4 27. Bxg8+ Rxg8 28. Qf7+ Kh8 29. Qf6+ Qxf6 30. Rxf6 Rg7 31. Raf1 Kh7 32. Rf7 Rxf7 33. Rxf7+ Kg6 34. Rxc7 Kh5 35. Rxb7 a5 36. bxa5 d5 37. a6 dxe4 38. a7 exd3 39. a8=Q d2 40. Qe8+ Kh4 41. Qe7+ Kh3 42. Qe6+ Kh4 43. Rb4+ Kg5 44. h4+ Kh5 45. Qg4# 1-0


[Site "https://www.chess.com"]

[Event "Titled Tuesday Blitz June 13 Early 2023"]
[White "Yonal, Timur"]
[Black "Alexanian, Nelli"]
[WhiteFideId "44115725"]
[BlackFideId "4170539"]
[WhiteElo "1966"]
[BlackElo "2037"]
[Result "1-0"]
[Round "5"]
[TimeControl "180+2"]
[Date "2023.06.13"]
[WhiteClock "0:00:53"]
[BlackClock "0:00:12"]
[Board "184"]

1. e4 e6 2. d4 d5 3. Nc3 Bb4 4. e5 Qd7 5. Qg4 f5 6. Qh3 b6 7. Nf3 Ba6 8. Bxa6 Nxa6 9. Bd2 O-O-O 10. a4 h6 11. Nb5 Kb7 12. Ng1 g5 13. Qb3 Bxd2+ 14. Kxd2 Ne7 15. a5 Nc8 16. axb6 Nxb6 17. Ne2 Qc6 18. Ra2 Nc4+ 19. Kd3 Rb8 20. Rha1 Kc8 21. Nxa7+ Kd7 22. Nxc6 Rxb3+ 23. cxb3 1-0


[Site "https://www.chess.com"]

[Event "Titled Tuesday Blitz June 13 Early 2023"]
[White "Porat, Tori"]
[Black "Fernandez Siles, Luis"]
[WhiteFideId "30982626"]
[BlackFideId "2209420"]
[WhiteElo "1752"]
[BlackElo "2195"]
[Result "0-1"]
[Round "5"]
[TimeControl "180+2"]
[Date "2023.06.13"]
[WhiteClock "0:00:01"]
[BlackClock "0:00:20"]
[Board "185"]

1. d4 Nf6 2. c4 g6 3. Nf3 Bg7 4. Nc3 O-O 5. Bg5 d6 6. e3 b6 7. Be2 Bb7 8. d5 c6 9. O-O e5 10. e4 h6 11. Bxf6 Qxf6 12. Rc1 c5 13. a3 Nd7 14. Qa4 Qe7 15. Bd1 f5 16. Bc2 f4 17. b4 g5 18. h3 Nf6 19. bxc5 bxc5 20. Nh2 h5 21. f3 Bc8 22. Qc6 Bd7 23. Qa6 g4 24. fxg4 hxg4 25. hxg4 Nxg4 26. Nxg4 Bxg4 27. Bd1 f3 28. Nb5 Qh4 29. Qxd6 f2+ 30. Rxf2 Qxf2+ 31. Kh2 Qf4+ 32. Kg1 Qxc1 33. Nc7 Qe3+ 34. Kh2 Qf4+ 35. Kg1 Rad8 36. Qg6 Bxd1 37. Ne6 Qf1+ 38. Kh2 Qf7 39. Qg5 Rb8 40. Qg3 Rb2 41. Nxf8 Qxf8 42. Qg6 Qf4+ 43. Kg1 Qf7 44. Qc6 Rf2 45. Qc8+ Kh7 46. Qh3+ Bh5 47. Qh4 Rf1+ 48. Kh2 Qf4+ 49. Qxf4 exf4 0-1


[Site "https://www.chess.com"]

[Event "Titled Tuesday Blitz June 13 Early 2023"]
[White "Semenova, Alina"]
[Black "FREDERICKtheMATE"]
[WhiteFideId "24113875"]
[WhiteElo "1833"]
[BlackElo "2356"]
[Result "0-1"]
[Round "5"]
[TimeControl "180+2"]
[Date "2023.06.13"]
[WhiteClock "0:01:02"]
[BlackClock "0:02:32"]
[Board "186"]

1. e4 c5 2. Nf3 Nc6 3. d4 cxd4 4. Nxd4 Nf6 5. Nc3 e5 6. Ndb5 d6 7. Bg5 a6 8. Na3 b5 9. Nd5 Be7 10. Bxf6 Bxf6 11. c3 O-O 12. Nc2 g6 13. Be2 Bg5 14. O-O Rb8 15. Nce3 Be6 16. Qc2 Ne7 17. Rfd1 Bxe3 18. Nxe3 Qb6 19. b3 f5 20. exf5 Nxf5 21. Nxf5 Bxf5 22. Bd3 e4 23. Bxe4 Bxe4 24. Qxe4 Qxf2+ 25. Kh1 Rbe8 26. Qd5+ Rf7 27. Qxd6 Re2 28. Qd8+ Kg7 29. Qd4+ Kh6 30. Qxf2 Rfxf2 31. a4 Rxg2 32. axb5 Rxh2+ 33. Kg1 Reg2+ 34. Kf1 axb5 35. Ra5 Rc2 36. Rxb5 Rh1# 0-1


[Site "https://www.chess.com"]

[Event "Titled Tuesday Blitz June 13 Early 2023"]
[White "Skiadopoulos, Nikolaos"]
[Black "Hoffmann, Asa"]
[WhiteFideId "4200772"]
[BlackFideId "2001470"]
[WhiteElo "2022"]
[BlackElo "2117"]
[Result "0-1"]
[Round "5"]
[TimeControl "180+2"]
[Date "2023.06.13"]
[WhiteClock "0:00:01"]
[BlackClock "0:01:18"]
[Board "187"]

1. e4 d6 2. d4 Nf6 3. Nc3 c6 4. a4 Qa5 5. Bd2 e5 6. dxe5 dxe5 7. Bc4 Bc5 8. Nf3 Qc7 9. O-O Bg4 10. Be2 Nbd7 11. h3 Bh5 12. a5 Rd8 13. Qe1 O-O 14. g4 Bg6 15. Bd3 Bb4 16. a6 b5 17. Nh4 Nc5 18. Nxg6 hxg6 19. Qe3 Nxd3 20. cxd3 Qe7 21. Rfd1 Bc5 22. Qg3 Rd7 23. Be3 Rfd8 24. Bxc5 Qxc5 25. Rac1 Qb6 26. Qxe5 Qxa6 27. d4 Re8 28. Qf4 b4 29. e5 bxc3 30. exf6 cxb2 31. Rb1 Qe2 32. Rd2 Qe1+ 33. Rxe1 Rxe1+ 34. Kg2 b1=Q 35. fxg7 Qe4+ 36. Qxe4 Rxe4 0-1


[Site "https://www.chess.com"]